[Event "Titled Tuesday Blitz July 25 Late 2023"]
[White "Pniaczek, Marek"]
[Black "Bacrot, Etienne"]
[WhiteFideId "21800421"]
[BlackFideId "605506"]
[WhiteElo "2487"]
[BlackElo "2875"]
[Result "0-1"]
[Round "3"]
[TimeControl "180+2"]
[Date "2023.07.25"]
[WhiteClock "0:00:12"]
[BlackClock "0:02:15"]
[Board "36"]

1. e4 c5 2. Nf3 d6 3. Bb5+ Nc6 4. O-O Bd7 5. Re1 a6 6. Bf1 g6 7. c3 Bg7 8. d4 Nf6 9. h3 O-O 10. Bg5 h6 11. Bf4 Qb6 12. Qd2 g5 13. Bh2 cxd4 14. cxd4 g4 15. hxg4 Bxg4 16. e5 Nd5 17. Bc4 e6 18. exd6 Bxf3 19. gxf3 Nxd4 20. Bxd5 exd5 21. Kg2 Kh8 22. Nc3 Rg8 23. Nxd5 Qc6 24. Ne7 Qxf3+ 25. Kf1 Qh1+ 26. Bg1 Qh3# 0-1


[Site "https://www.chess.com"]

[Event "Titled Tuesday Blitz July 25 Late 2023"]
[White "Dardha, Daniel"]
[Black "Miszler, Levente"]
[WhiteFideId "240990"]
[BlackFideId "763276"]
[WhiteElo "2872"]
[BlackElo "2435"]
[Result "1-0"]
[Round "3"]
[TimeControl "180+2"]
[Date "2023.07.25"]
[WhiteClock "0:01:46"]
[BlackClock "0:01:16"]
[Board "37"]

1. d4 Nf6 2. Bg5 Ne4 3. h4 d5 4. Nd2 Nxg5 5. hxg5 g6 6. f4 Bg7 7. e3 c5 8. c3 Nc6 9. Bd3 Qb6 10. Rb1 Be6 11. Ngf3 h6 12. Qe2 Bg4 13. Qf2 hxg5 14. Rxh8+ Bxh8 15. Nxg5 Bf6 16. Qh4 Bh5 17. g4 cxd4 18. exd4 Nxd4 19. cxd4 Qxd4 20. Bb5+ Kf8 21. gxh5 gxh5 22. Nh7+ Kg7 23. Nxf6 exf6 24. Qg3+ Kh6 25. Qf2 Qb4 26. Be2 Re8 27. a3 Qb5 28. Kf1 Qd7 29. Qf3 Qf5 30. Bd3 1-0


[Site "https://www.chess.com"]

[Event "Titled Tuesday Blitz July 25 Late 2023"]
[White "Dwilewicz, Katarzyna"]
[Black "Nguyen, Ngoc Truong Son"]
[WhiteFideId "1148486"]
[BlackFideId "12401110"]
[WhiteElo "2412"]
[BlackElo "2866"]
[Result "0-1"]
[Round "3"]
[TimeControl "180+2"]
[Date "2023.07.25"]
[WhiteClock "0:00:04"]
[BlackClock "0:00:10"]
[Board "38"]

1. e4 d6 2. d4 g6 3. Nc3 Bg7 4. Be3 a6 5. Qd2 b5 6. f3 Nd7 7. g4 Nb6 8. h4 h5 9. g5 e6 10. Bd3 Ne7 11. f4 d5 12. e5 b4 13. Nce2 a5 14. a3 Nc4 15. Bxc4 dxc4 16. axb4 Bb7 17. Rh3 a4 18. Nf3 O-O 19. Kf2 Qd7 20. Nc3 Nd5 21. Nxd5 Qxd5 22. c3 Rfb8 23. Rg3 Bf8 24. Qe2 Qd7 25. Nd2 Be7 26. Rgg1 Bc6 27. Rg3 Rb7 28. Rgg1 Rab8 29. Rg3 Bxb4 30. cxb4 Rxb4 31. Rgg1 Qd5 32. Qf3 Rxb2 33. Qxd5 exd5 34. Rgc1 R8b3 35. Rab1 Bd7 36. Rxb2 Rxb2 37. Ke1 a3 38. Ra1 a2 39. Kd1 c3 40. Kc1 Bf5 41. Rxa2 Rxa2 42. Nb3 Rb2 43. Nc5 Rb1# 0-1


[Site "https://www.chess.com"]

[Event "Titled Tuesday Blitz July 25 Late 2023"]
[White "Slovineanu, Viacheslav"]
[Black "Erdogmus, Yagiz Kaan"]
[WhiteFideId "13900510"]
[BlackFideId "44599790"]
[WhiteElo "2380"]
[BlackElo "2866"]
[Result "1-0"]
[Round "3"]
[TimeControl "180+2"]
[Date "2023.07.25"]
[WhiteClock "0:00:03"]
[BlackClock "0:00:03"]
[Board "39"]

1. d4 Nf6 2. Nf3 e6 3. c4 b6 4. e3 Bb7 5. Bd3 d5 6. b3 Nbd7 7. O-O Bd6 8. Nc3 O-O 9. Bb2 a6 10. Rc1 Qe7 11. a4 dxc4 12. bxc4 e5 13. Nd2 e4 14. Be2 g6 15. Re1 h5 16. f4 exf3 17. Bxf3 Ng4 18. Bxg4 hxg4 19. Qxg4 Nf6 20. Qg5 Bc8 21. Nf3 Bg4 22. e4 Bxf3 23. gxf3 Qe6 24. e5 Nh7 25. Qg4 f5 26. Qg3 Be7 27. Nd5 Bg5 28. Nxc7 Qe7 29. Nxa8 Bh4 30. Qg2 Bxe1 31. Rxe1 Rxa8 32. Qxg6+ Kh8 33. Kh1 Rg8 34. Qxf5 Qg7 35. Qg4 Qh6 36. Qe4 Qg5 37. f4 Qh4 38. d5 Qf2 39. e6+ Rg7 40. Bxg7+ Kxg7 41. e7 Nf6 42. Qe5 Qf3+ 43. Kg1 Qg4+ 44. Kf2 Qh4+ 45. Ke2 Kf7 46. Qe6+ Ke8 47. Kd3 Qh7+ 48. f5 Qh3+ 49. Re3 Qf1+ 50. Kd4 Qa1+ 51. Kd3 Qd1+ 52. Kc3 Qc1+ 53. Kd3 Qd1+ 54. Kc3 Qc1+ 55. Kd3 Qf1+ 56. Re2 Qd1+ 57. Ke3 Qg1+ 58. Kd2 Qd4+ 59. Ke1 Qh4+ 60. Kd1 Qd4+ 61. Rd2 Qg1+ 62. Kc2 Qa1 63. d6 Qa2+ 64. Kd1 Qxa4+ 65. Ke1 Qa1+ 66. Ke2 Nd7 67. Qg8+ Nf8 68. Qxf8+ Kd7 69. e8=Q# 1-0


[Site "https://www.chess.com"]

[Event "Titled Tuesday Blitz July 25 Late 2023"]
[White "ChessSG1"]
[Black "Hansen, Eric"]
[BlackFideId "2606771"]
[WhiteElo "2378"]
[BlackElo "2841"]
[Result "1/2-1/2"]
[Round "3"]
[TimeControl "180+2"]
[Date "2023.07.25"]
[WhiteClock "0:00:19"]
[BlackClock "0:00:52"]
[Board "40"]

1. Nf3 c6 2. c4 d5 3. d4 Nf6 4. g3 dxc4 5. Bg2 Bf5 6. Ne5 Nbd7 7. Nxc4 e6 8. O-O Be7 9. Nc3 h6 10. h3 O-O 11. e4 Bh7 12. Bf4 Nb6 13. Na5 Qd7 14. Rc1 Rfd8 15. Nb3 a5 16. Qe2 a4 17. Nc5 Qxd4 18. Nxb7 Qb4 19. Nxd8 Bxd8 20. a3 Qb3 21. Rfd1 Nfd7 22. Qc2 g5 23. Be3 Ne5 24. Qxb3 axb3 25. Rxd8+ Rxd8 26. Bxb6 Rd2 27. Na4 Rc2 28. Rd1 Nc4 29. Rd8+ Kg7 30. Bd4+ e5 31. Bc3 f6 32. Bf1 Rc1 33. Rd7+ Kh8 34. Rd8+ Kg7 35. Rd7+ Kh8 36. Rd8+ Kg7 1/2-1/2


[Site "https://www.chess.com"]

[Event "Titled Tuesday Blitz July 25 Late 2023"]
[White "Ashraf, Artin"]
[Black "Andrews, Todd"]
[WhiteFideId "22514805"]
[BlackFideId "2012456"]
[WhiteElo "2831"]
[BlackElo "2373"]
[Result "1-0"]
[Round "3"]
[TimeControl "180+2"]
[Date "2023.07.25"]
[WhiteClock "0:01:46"]
[BlackClock "0:00:55"]
[Board "41"]

1. d4 Nf6 2. Nf3 g6 3. Bf4 Bg7 4. e3 d6 5. h3 O-O 6. Be2 b6 7. O-O Bb7 8. c4 Nbd7 9. Nc3 c5 10. d5 a6 11. e4 b5 12. cxb5 axb5 13. Bxb5 Qa5 14. a4 Qb4 15. Qe2 Nb6 16. Rfb1 Nfxd5 17. Nxd5 Nxd5 18. Bd2 Nf4 19. Bxf4 Bxe4 20. Re1 d5 21. Be5 Bxe5 22. Nxe5 Qxb2 23. Qxb2 1-0


[Site "https://www.chess.com"]

[Event "Titled Tuesday Blitz July 25 Late 2023"]
[White "Miguelitro69"]
[Black "Donchenko, Alexander"]
[BlackFideId "24603295"]
[WhiteElo "2348"]
[BlackElo "2824"]
[Result "0-1"]
[Round "3"]
[TimeControl "180+2"]
[Date "2023.07.25"]
[WhiteClock "0:00:16"]
[BlackClock "0:00:53"]
[Board "42"]

1. e4 c6 2. d4 d5 3. Nc3 dxe4 4. Nxe4 Nf6 5. Nxf6+ exf6 6. c3 Bd6 7. Bd3 O-O 8. Ne2 Re8 9. O-O Nd7 10. Ng3 Nf8 11. f4 c5 12. d5 Bd7 13. c4 b5 14. b3 Ng6 15. Nh5 bxc4 16. bxc4 Rb8 17. Bd2 Qc8 18. Qc2 Bg4 19. Ng3 Qc7 20. h3 Bd7 21. Nh5 a5 22. Rf3 a4 23. Raf1 a3 24. Bc3 Kh8 25. Ba1 Bf8 26. Qc3 Qb6 27. Ng3 Nh4 28. R3f2 Qb4 29. Ne4 Nf5 30. Qc2 Ne3 31. Qc1 Nxf1 32. Qxf1 Bf5 33. Rf3 Bxe4 34. Bxe4 Rxe4 35. Rg3 Re1 0-1


[Site "https://www.chess.com"]

[Event "Titled Tuesday Blitz July 25 Late 2023"]
[White "Kushko, Dmitriy"]
[Black "Barwinska, Ewa"]
[WhiteFideId "14162261"]
[BlackFideId "21833761"]
[WhiteElo "2823"]
[BlackElo "2315"]
[Result "1-0"]
[Round "3"]
[TimeControl "180+2"]
[Date "2023.07.25"]
[WhiteClock "0:01:37"]
[BlackClock "0:00:00"]
[Board "43"]

1. e4 c5 2. Nf3 d6 3. Bb5+ Bd7 4. Bxd7+ Qxd7 5. O-O Nf6 6. Qe2 Nc6 7. c3 e5 8. Rd1 Be7 9. d4 cxd4 10. cxd4 exd4 11. Nxd4 Nxd4 12. Rxd4 O-O 13. Nc3 Qe6 14. Bf4 Rfd8 15. Rad1 Rac8 16. h3 a6 17. Qd3 Rc6 18. e5 Ne8 19. Ne4 Qxa2 20. exd6 Bf6 21. d7 Bxd4 22. dxe8=Q+ Rxe8 23. Qxd4 h6 24. Be5 Rce6 25. Nc3 Qb3 26. Bxg7 1-0


[Site "https://www.chess.com"]

[Event "Titled Tuesday Blitz July 25 Late 2023"]
[White "Santos, Rafael Ventura Dos"]
[Black "Talibov, Shiroghlan"]
[WhiteFideId "2122227"]
[BlackFideId "13429078"]
[WhiteElo "2312"]
[BlackElo "2811"]
[Result "0-1"]
[Round "3"]
[TimeControl "180+2"]
[Date "2023.07.25"]
[WhiteClock "0:00:12"]
[BlackClock "0:00:26"]
[Board "44"]

1. e4 d5 2. exd5 Qxd5 3. Nc3 Qa5 4. Nf3 Nf6 5. Be2 Nc6 6. O-O Bg4 7. h3 h5 8. d3 O-O-O 9. Be3 e6 10. a4 Bb4 11. Nb5 a6 12. c3 axb5 13. cxb4 Qxb4 14. axb5 Qxb5 15. Qc2 Nd5 16. d4 Nxe3 17. fxe3 Qd5 18. Bc4 Qf5 19. e4 Qh7 20. Bb5 Nb8 21. Rfc1 c6 22. Ra8 Kc7 23. Ne5 Rd6 24. Nxf7 Rxd4 25. Qc5 Qxe4 26. Rxb8 Rxb8 27. Qe7+ Kb6 28. Qc5+ Kc7 29. Qe7+ Rd7 30. Qc5 Rxf7 31. hxg4 hxg4 32. Rd1 Rd7 33. Rxd7+ Kxd7 34. Bc4 Qe1+ 35. Kh2 Rh8+ 0-1


[Site "https://www.chess.com"]

[Event "Titled Tuesday Blitz July 25 Late 2023"]
[White "Khanin, Semen"]
[Black "Boder, Jan"]
[WhiteFideId "4111990"]
[BlackFideId "16243226"]
[WhiteElo "2809"]
[BlackElo "2309"]
[Result "1-0"]
[Round "3"]
[TimeControl "180+2"]
[Date "2023.07.25"]
[WhiteClock "0:00:39"]
[BlackClock "0:00:00"]
[Board "45"]

1. e4 e5 2. Nf3 Nc6 3. Bb5 a6 4. Ba4 Nf6 5. O-O Be7 6. Re1 b5 7. Bb3 O-O 8. a4 b4 9. a5 d5 10. exd5 Nxd5 11. d3 Bg4 12. h3 Bh5 13. g4 Bg6 14. Nxe5 Nxe5 15. Rxe5 c6 16. Qf3 Bd6 17. Re1 Qh4 18. Nd2 Nf4 19. Nc4 Nxh3+ 20. Kg2 Nxf2 21. Nxd6 Nxg4 22. Bf4 Nf6 23. Rh1 Qg4+ 24. Qxg4 Nxg4 25. Rae1 Rad8 26. Re7 h5 27. Rhe1 h4 28. Kh3 Nf6 29. Kxh4 Nd5 30. Bxd5 cxd5 31. Kg3 b3 32. cxb3 Bxd3 33. Rd1 Bc2 34. Rxd5 Bxb3 35. Rc5 g5 36. Rxg5+ Kh7 37. Re2 Bd1 38. Rh2+ 1-0


[Site "https://www.chess.com"]

[Event "Titled Tuesday Blitz July 25 Late 2023"]
[White "Djordjevic, Dejan N"]
[Black "Leitao, Rafael"]
[WhiteFideId "913316"]
[BlackFideId "2101246"]
[WhiteElo "2112"]
[BlackElo "2798"]
[Result "0-1"]
[Round "3"]
[TimeControl "180+2"]
[Date "2023.07.25"]
[WhiteClock "0:00:00"]
[BlackClock "0:00:33"]
[Board "46"]

1. e4 e5 2. Nf3 Nc6 3. Bc4 Nf6 4. d3 Be7 5. O-O O-O 6. Re1 d6 7. c3 Na5 8. Bb5 c5 9. Ba4 Nc6 10. a3 a6 11. b4 b5 12. Bc2 h6 13. h3 Be6 14. Be3 a5 15. bxc5 dxc5 16. Nbd2 Qc7 17. Qb1 Rab8 18. Rc1 Rfd8 19. Nf1 b4 20. axb4 cxb4 21. c4 Nd4 22. Bxd4 exd4 23. Ba4 Nd7 24. Nxd4 Nc5 25. Nxe6 fxe6 26. Rd1 Bf6 27. Ra2 b3 28. Ra3 Rb4 29. Bb5 Bd4 30. Nd2 a4 31. Nf3 e5 32. Nxd4 Rxd4 33. Rd2 Qd6 34. Qd1 Nxe4 35. Bxa4 Nxd2 36. Qxd2 b2 37. Bc2 b1=Q+ 38. Bxb1 Rxb1+ 39. Kh2 e4+ 40. g3 Rxd3 41. Ra8+ Kh7 0-1


[Site "https://www.chess.com"]

[Event "Titled Tuesday Blitz July 25 Late 2023"]
[White "Lamaze, Simon"]
[Black "Naroditsky, Daniel"]
[WhiteFideId "36069264"]
[BlackFideId "2026961"]
[WhiteElo "2617"]
[BlackElo "3143"]
[Result "0-1"]
[Round "3"]
[TimeControl "180+2"]
[Date "2023.07.25"]
[WhiteClock "0:00:12"]
[BlackClock "0:00:39"]
[Board "47"]

1. e4 Nf6 2. e5 Nd5 3. Nc3 Nxc3 4. dxc3 d6 5. Nf3 Nc6 6. Bf4 g6 7. Bc4 Bg7 8. Qe2 O-O 9. O-O-O Bg4 10. e6 fxe6 11. Bxe6+ Bxe6 12. Qxe6+ Kh8 13. Bg5 Qc8 14. Rhe1 Qxe6 15. Rxe6 Rf7 16. Rde1 Bf8 17. Bh4 Kg8 18. c4 Nd8 19. R6e4 e5 20. c5 Ne6 21. cxd6 cxd6 22. Rd1 Rc8 23. Bg3 b5 24. c3 a5 25. Kb1 Rb7 26. Ne1 b4 27. cxb4 axb4 28. b3 Rb5 29. Nc2 Rcb8 30. Ne3 Ra8 31. Rd5 Nc5 32. Rc4 Kf7 33. Rc2 Ke6 34. Rdd2 Ne4 35. Rd3 Nc3+ 36. Rdxc3 bxc3 37. Rxc3 d5 0-1


[Site "https://www.chess.com"]

[Event "Titled Tuesday Blitz July 25 Late 2023"]
[White "Haydon, David L"]
[Black "Sarana, Alexey"]
[WhiteFideId "415405"]
[BlackFideId "24133795"]
[WhiteElo "2626"]
[BlackElo "3039"]
[Result "0-1"]
[Round "3"]
[TimeControl "180+2"]
[Date "2023.07.25"]
[WhiteClock "0:00:22"]
[BlackClock "0:01:38"]
[Board "48"]

1. d4 Nf6 2. Nc3 d5 3. Bf4 e6 4. e3 Bb4 5. Ne2 Ne4 6. f3 Nxc3 7. Nxc3 Nd7 8. Qd2 O-O 9. a3 Ba5 10. Bd3 Re8 11. b4 Bb6 12. O-O c6 13. Na4 e5 14. Nxb6 axb6 15. dxe5 Nxe5 16. Rfd1 Qf6 17. Bf1 Ng6 18. Bg3 Bf5 19. c3 b5 20. Bf2 h5 21. Qd4 Qg5 22. h4 Qe7 23. Rd2 Rad8 24. a4 bxa4 25. Rxa4 Ne5 26. Ra7 Nc4 27. Re2 Nd6 28. Re1 Bc8 29. Bd3 Bf5 30. Bf1 Bc2 31. Qc5 Qe5 32. Qd4 Qe6 33. Qf4 Bb3 34. Rea1 Bc4 35. Bxc4 dxc4 36. e4 Rd7 37. Bd4 Nb5 38. Ra8 Nxd4 39. Rxe8+ Qxe8 40. cxd4 Rxd4 41. Qc7 Qd7 42. Ra8+ Kh7 43. Qb8 Rd1+ 44. Kh2 Qd6+ 45. Qxd6 Rxd6 46. Ra3 Rd3 47. Ra2 Rb3 48. Ra4 c3 49. Ra2 Rxb4 50. Rc2 Rc4 51. Kg3 b5 52. Kf4 b4 53. Rxc3 bxc3 0-1


[Site "https://www.chess.com"]

[Event "Titled Tuesday Blitz July 25 Late 2023"]
[White "Tanaka, Taira Tyler"]
[Black "Tabatabaei, M. Amin"]
[WhiteFideId "7002351"]
[BlackFideId "12521213"]
[WhiteElo "2612"]
[BlackElo "3031"]
[Result "1/2-1/2"]
[Round "3"]
[TimeControl "180+2"]
[Date "2023.07.25"]
[WhiteClock "0:00:23"]
[BlackClock "0:01:54"]
[Board "49"]

1. Nf3 g6 2. g3 d6 3. Bg2 Bg7 4. O-O f5 5. d3 Nf6 6. Nbd2 O-O 7. e4 e5 8. Qe2 Nc6 9. c3 Qe7 10. a4 a5 11. Re1 h6 12. Nc4 g5 13. exf5 Bxf5 14. Bd2 Rae8 15. b4 axb4 16. cxb4 d5 17. Ncxe5 Nxb4 18. Bxb4 Qxb4 19. d4 Ne4 20. Qb5 Qxb5 21. axb5 g4 22. Nh4 Bxe5 23. Nxf5 Rxf5 24. Bxe4 dxe4 25. Rxe4 h5 26. Rae1 Kf7 27. dxe5 Ke6 28. Rc4 Re7 29. Rc5 Rd7 30. Re2 Rh7 31. Kg2 Rd7 32. h3 Rg7 33. hxg4 hxg4 34. Rc4 Rxe5 35. Rec2 Kd6 36. Rd4+ Rd5 37. Rb4 Rd3 38. Rcc4 Rd5 39. b6 c6 40. Rxg4 Rxg4 41. Rxg4 Rb5 42. Rg6+ Ke5 43. Rg5+ Kd4 44. Rxb5 cxb5 45. Kf3 Kd3 46. g4 b4 47. g5 b3 48. g6 b2 49. g7 b1=Q 50. g8=Q Qxb6 51. Qd5+ Kc3 52. Qe5+ Kc2 53. Qe2+ Kb1 54. Qe1+ Ka2 55. Qe2+ Ka3 56. Qe3+ Qxe3+ 57. Kxe3 b5 58. f4 b4 59. f5 b3 60. f6 b2 61. f7 b1=Q 62. f8=Q+ Ka2 63. Qa8+ Kb2 64. Qb7+ Ka1 65. Qxb1+ Kxb1 1/2-1/2


[Site "https://www.chess.com"]

[Event "Titled Tuesday Blitz July 25 Late 2023"]
[White "Bortnyk, Olexandr"]
[Black "Vlassov, Nikolai"]
[WhiteFideId "14120828"]
[BlackFideId "4103360"]
[WhiteElo "3009"]
[BlackElo "2571"]
[Result "1-0"]
[Round "3"]
[TimeControl "180+2"]
[Date "2023.07.25"]
[WhiteClock "0:03:06"]
[BlackClock "0:01:26"]
[Board "50"]

1. d4 Nf6 2. Nc3 d5 3. Bf4 e6 4. Nb5 Na6 5. e3 c6 6. Nc3 Bb4 7. Bxa6 bxa6 8. Nf3 Ne4 9. O-O Bxc3 10. bxc3 Nxc3 11. Qd3 Ne4 12. Ne5 Bd7 13. f3 Nf6 14. Qxa6 Qb6 15. Qa3 Nh5 16. Rab1 Qd8 17. Rb7 Nxf4 18. Rxd7 Qxd7 19. Nxd7 Kxd7 20. exf4 Rhb8 21. Re1 1-0


[Site "https://www.chess.com"]

[Event "Titled Tuesday Blitz July 25 Late 2023"]
[White "Kramnik, Vladimir"]
[Black "Musovic, Armin"]
[WhiteFideId "4101588"]
[BlackFideId "939935"]
[WhiteElo "2997"]
[BlackElo "2524"]
[Result "1-0"]
[Round "3"]
[TimeControl "180+2"]
[Date "2023.07.25"]
[WhiteClock "0:00:06"]
[BlackClock "0:00:04"]
[Board "51"]

1. e4 c6 2. d4 d5 3. Nd2 dxe4 4. Nxe4 Nf6 5. Nxf6+ exf6 6. c3 Bd6 7. Bd3 O-O 8. Ne2 Re8 9. O-O Nd7 10. Ng3 Nf8 11. a4 Qc7 12. a5 Ng6 13. Qh5 Be6 14. b4 a6 15. f4 Bd5 16. Bd2 b5 17. axb6 Qxb6 18. Nf5 Bc7 19. Ne3 Be4 20. Bc4 a5 21. f5 Nh8 22. bxa5 Rxa5 23. Rae1 Qb2 24. Rf2 Ra1 25. Rxa1 Qxa1+ 26. Qd1 Qa8 27. Qg4 Qb8 28. Nf1 Bd5 29. Bxd5 cxd5 30. Re2 Kf8 31. Rxe8+ Qxe8 32. Qf3 Qb5 33. g4 g6 34. Bh6+ Kg8 35. Ne3 Qb1+ 36. Qf1 Qe4 37. Qa6 Qb1+ 38. Kf2 Qb8 39. Nxd5 Bxh2 40. Nxf6# 1-0


[Site "https://www.chess.com"]

[Event "Titled Tuesday Blitz July 25 Late 2023"]
[White "Indjic, Aleksandar"]
[Black "Cesar Maestre, Bernardo"]
[WhiteFideId "911925"]
[BlackFideId "24542547"]
[WhiteElo "2968"]
[BlackElo "2511"]
[Result "0-1"]
[Round "3"]
[TimeControl "180+2"]
[Date "2023.07.25"]
[WhiteClock "0:00:00"]
[BlackClock "0:00:07"]
[Board "52"]

1. d4 Nf6 2. Nf3 d5 3. c3 c5 4. dxc5 e6 5. b4 a5 6. Qb3 b6 7. cxb6 Qxb6 8. Be3 Qb7 9. b5 a4 10. Qb2 a3 11. Qb3 Bd7 12. Bd4 Qxb5 13. Nbd2 Qa5 14. e3 Nc6 15. Bd3 Rb8 16. Qc2 Be7 17. O-O Nxd4 18. cxd4 O-O 19. Nb3 Qa7 20. Rfc1 Rfc8 21. Qd1 Ba4 22. Bc2 Bb4 23. Ne5 Bc3 24. Rab1 Bb2 25. Nd3 Bxc1 26. Rxc1 Ne4 27. Ndc5 Bxb3 28. Nxb3 g6 29. Bxe4 dxe4 30. Rxc8+ Rxc8 31. h3 Qa4 32. Qb1 Rb8 33. Qxe4 Rxb3 34. axb3 Qxb3 35. Qa8+ Kg7 36. Kh2 a2 37. Qa5 h5 38. Qe5+ Kh7 39. Qc7 e5 40. Qa7 exd4 41. Qxd4 Qb8+ 42. f4 Qb1 43. Qf6 a1=Q 44. Qxf7+ Qg7 45. Qd5 Qf5 46. Qd2 Qe7 47. Qf2 Qfe4 48. f5 Q4e5+ 49. Kg1 Qxf5 0-1


[Site "https://www.chess.com"]

[Event "Titled Tuesday Blitz July 25 Late 2023"]
[White "Mekhitarian, Krikor Sevag"]
[Black "Senft, Sean"]
[WhiteFideId "2107660"]
[BlackFideId "2044960"]
[WhiteElo "2771"]
[BlackElo "2315"]
[Result "1-0"]
[Round "3"]
[TimeControl "180+2"]
[Date "2023.07.25"]
[WhiteClock "0:00:02"]
[BlackClock "0:00:07"]
[Board "53"]

1. Nf3 d5 2. c4 c6 3. d4 Nf6 4. e3 e6 5. Nc3 a6 6. b3 Bb4 7. Bd2 Nbd7 8. Bd3 O-O 9. O-O Bd6 10. Re1 h6 11. Rc1 e5 12. cxd5 cxd5 13. dxe5 Nxe5 14. Be2 Bf5 15. Nd4 Bg6 16. h3 Nd3 17. Bxd3 Bxd3 18. Nce2 Bg6 19. Bc3 Rc8 20. Bb2 Qe7 21. Rxc8 Rxc8 22. Qa1 Ne4 23. Rc1 Rxc1+ 24. Qxc1 Qh4 25. Qe1 Qf6 26. Ba1 Be5 27. f3 Nd6 28. Qd2 Nf5 29. Bc3 Nxd4 30. Bxd4 Qd6 31. Bxe5 Qxe5 32. Qd4 Qf5 33. Nc3 Qc2 34. b4 Bf5 35. a4 Be6 36. a5 Qc1+ 37. Kh2 Kh7 38. Nxd5 Bxd5 39. Qxd5 Qxe3 40. Qxf7 Qe5+ 41. f4 Qb5 42. Qe7 Qf5 43. Qe5 Qb1 44. Qd4 Qc1 45. Qe4+ Kh8 46. Qe8+ Kh7 47. Qe4+ Kh8 48. Qd4 Qf1 49. h4 Qe1 50. g3 Qe2+ 51. Kh3 Qe6+ 52. Kg2 Qe2+ 53. Kg1 Qe1+ 54. Kg2 Qe2+ 55. Qf2 Qe4+ 56. Kh2 Qxb4 57. Qa2 b6 58. axb6 Qxb6 59. Qf7 Qb8 60. Qd5 Qa7 61. Qa5 Qb7 62. f5 Qb5 63. Qd8+ Kh7 64. Qc8 a5 65. Qe6 a4 66. Qg6+ Kh8 67. Kh3 a3 68. f6 gxf6 69. Qxh6+ Kg8 70. Qg6+ Kh8 71. Qxf6+ Kg8 72. Qg6+ Kh8 73. Qh6+ Kg8 74. Qe6+ Kh8 75. Qc8+ Kh7 76. Qc2+ Kh8 77. Qc3+ Kg8 78. Qxa3 Qf5+ 79. Kh2 Qf2+ 80. Kh3 Qf5+ 81. g4 Qf1+ 82. Kg3 Qg1+ 83. Kf4 Qf2+ 84. Kg5 Qd2+ 85. Kh5 Qd5+ 86. g5 Qf3+ 87. Qxf3 1-0


[Site "https://www.chess.com"]

[Event "Titled Tuesday Blitz July 25 Late 2023"]
[White "Duarte, Leonardo"]
[Black "Caruana, Fabiano"]
[WhiteFideId "110582"]
[BlackFideId "2020009"]
[WhiteElo "2343"]
[BlackElo "3125"]
[Result "0-1"]
[Round "3"]
[TimeControl "180+2"]
[Date "2023.07.25"]
[WhiteClock "0:00:12"]
[BlackClock "0:02:16"]
[Board "54"]

1. e4 a5 2. d4 a4 3. Nf3 e6 4. Nc3 c6 5. Bd3 b5 6. a3 d5 7. e5 Ne7 8. Ne2 Nd7 9. h4 Nb6 10. h5 h6 11. Nf4 Bd7 12. c3 Qc7 13. g4 Nc4 14. Qe2 Nc8 15. g5 Be7 16. g6 f6 17. Bc2 fxe5 18. Nxe5 Nxe5 19. dxe5 Nb6 20. Nd3 c5 21. Bd2 Nc4 22. f4 O-O 23. Rb1 Bc6 24. Rh3 Rad8 25. Nf2 d4 26. cxd4 Rxd4 27. Be3 Nxe3 28. Qxe3 Rdxf4 29. Nd3 Re4 0-1


[Site "https://www.chess.com"]

[Event "Titled Tuesday Blitz July 25 Late 2023"]
[White "Nihal Sarin"]
[Black "JERO-8914"]
[WhiteFideId "25092340"]
[WhiteElo "3071"]
[BlackElo "2504"]
[Result "1-0"]
[Round "3"]
[TimeControl "180+2"]
[Date "2023.07.25"]
[WhiteClock "0:02:31"]
[BlackClock "0:01:01"]
[Board "55"]

1. e4 c6 2. d4 d5 3. e5 Bf5 4. h4 h5 5. c4 e6 6. Nc3 Nd7 7. Nge2 dxc4 8. Ng3 Bg6 9. Bxc4 Nb6 10. Bb3 Ne7 11. Bg5 Qd7 12. O-O Nf5 13. Nxf5 Bxf5 14. Qe2 Be7 15. Qe3 Bg6 16. Rad1 Bxg5 17. Qxg5 Qe7 18. Qf4 Rd8 19. f3 O-O 20. Ne4 Nd5 21. Bxd5 Rxd5 22. Nd6 c5 23. dxc5 Rxc5 24. Rd2 Rd8 25. Rfd1 Rd7 26. Nf5 exf5 27. Rxd7 Qe6 28. Rxb7 Qxa2 29. Rd8+ Kh7 30. Rbb8 1-0


[Site "https://www.chess.com"]

[Event "Titled Tuesday Blitz July 25 Late 2023"]
[White "Besedes, Danilo"]
[Black "Bartel, Mateusz"]
[WhiteFideId "946796"]
[BlackFideId "1112635"]
[WhiteElo "2504"]
[BlackElo "2838"]
[Result "0-1"]
[Round "3"]
[TimeControl "180+2"]
[Date "2023.07.25"]
[WhiteClock "0:00:04"]
[BlackClock "0:00:14"]
[Board "56"]

1. b3 c5 2. Bb2 Nc6 3. e3 d5 4. Nf3 e6 5. d4 Nf6 6. Bd3 Be7 7. O-O O-O 8. a3 b6 9. Nbd2 Bb7 10. Ne5 Nd7 11. f4 f5 12. Ndf3 Ndxe5 13. Nxe5 Nxe5 14. dxe5 Rc8 15. Qe2 Rc7 16. Rad1 Qc8 17. c4 Rd8 18. Rd2 Rcd7 19. Rfd1 g6 20. cxd5 Rxd5 21. Bc4 Rxd2 22. Rxd2 Rxd2 23. Qxd2 Kf7 24. a4 Qc6 25. Bc3 h5 26. Bb5 Qe4 27. Bd3 Qd5 28. Bc4 Qc6 29. Bb5 Qc7 30. Be2 Bd5 31. Bc4 Qc6 32. Bxd5 exd5 33. g3 Ke6 34. Qd3 c4 35. bxc4 Qxc4 36. Qxc4 dxc4 37. Bd4 Bd8 38. Kf2 a6 39. Kf3 Kd5 40. h3 b5 41. axb5 axb5 42. g4 hxg4+ 43. hxg4 b4 44. g5 c3 45. Ke2 Kc4 46. Kd1 b3 47. e6 Kd3 48. Bf6 b2 0-1


[Site "https://www.chess.com"]

[Event "Titled Tuesday Blitz July 25 Late 2023"]
[White "Czarnota, Pawel"]
[Black "Molenda, Marcin"]
[WhiteFideId "1121219"]
[BlackFideId "1173065"]
[WhiteElo "2819"]
[BlackElo "2504"]
[Result "0-1"]
[Round "3"]
[TimeControl "180+2"]
[Date "2023.07.25"]
[WhiteClock "0:00:00"]
[BlackClock "0:00:03"]
[Board "57"]

1. e4 c5 2. Nf3 e6 3. d4 cxd4 4. Nxd4 a6 5. Nc3 Qc7 6. Be2 Nf6 7. O-O Be7 8. f4 d6 9. Kh1 O-O 10. a4 Nbd7 11. Bf3 Rb8 12. g4 b6 13. g5 Ne8 14. Bg2 Bb7 15. Rf3 g6 16. Rh3 Ng7 17. Nde2 Rfd8 18. Qe1 Nf8 19. Be3 d5 20. exd5 exd5 21. Nd4 Bd6 22. Qf2 Re8 23. Rf1 Bc8 24. Nxd5 Bxh3 25. Nxc7 Bxg2+ 26. Kxg2 Bxc7 27. f5 Nxf5 28. Nxf5 gxf5 29. Qxf5 Re7 30. Qf6 Bd8 31. Rf2 Ne6 32. Bd4 Nxd4 33. Qxd4 Bc7 34. h4 Rd8 35. Qf6 Rde8 36. b4 a5 37. bxa5 bxa5 38. c4 Be5 39. Qf5 Bd4 40. Rd2 Re5 41. Qd7 Bc5 42. Qc6 R8e6 43. Qc8+ Kg7 44. Qc7 Kg6 45. Rd3 Re7 46. Qc6+ R7e6 47. Qc8 Re8 48. Qc6+ R8e6 49. Qa8 Kh5 50. Kg3 Re1 51. Qf3+ Kg6 52. h5+ Kg7 0-1


[Site "https://www.chess.com"]

[Event "Titled Tuesday Blitz July 25 Late 2023"]
[White "Stoyanov, Tsvetan"]
[Black "Gireman, Ja"]
[WhiteFideId "2917173"]
[BlackFideId "5043794"]
[WhiteElo "2777"]
[BlackElo "2501"]
[Result "1/2-1/2"]
[Round "3"]
[TimeControl "180+2"]
[Date "2023.07.25"]
[WhiteClock "0:00:05"]
[BlackClock "0:00:15"]
[Board "58"]

1. b3 Nf6 2. Bb2 g6 3. Bxf6 exf6 4. c4 Bg7 5. Nc3 O-O 6. g3 f5 7. Rc1 Re8 8. e3 a5 9. Bg2 c6 10. Nge2 d6 11. O-O Nd7 12. d4 Nb6 13. Nf4 a4 14. Qc2 axb3 15. axb3 h5 16. h4 Bh6 17. Nd3 Qf6 18. Ra1 Rxa1 19. Rxa1 f4 20. Nxf4 Bxf4 21. exf4 Qxd4 22. Rd1 Qg7 23. Rxd6 Bf5 24. Qd2 Nd7 25. Nd1 Nc5 26. Rd8 Rxd8 27. Qxd8+ Qf8 28. Qxf8+ Kxf8 29. b4 Na6 30. b5 cxb5 31. cxb5 Nc7 32. b6 Na8 33. Ne3 Be6 34. Bxb7 Nxb6 35. f5 Bd7 36. f6 Be6 37. Bc6 Bd7 38. Bxd7 Nxd7 39. Nd5 Ne5 40. Kg2 Ke8 41. f3 Kd7 42. Nf4 Kd6 43. Kf2 Nd7 44. g4 hxg4 45. fxg4 Nxf6 46. Kf3 Ke5 47. g5 Ne8 48. Kg4 Ng7 49. Nh3 Nh5 50. Nf2 Nf4 51. Nh1 Nd3 52. Ng3 Kd4 53. h5 gxh5+ 54. Kxh5 Ke3 55. Kh6 Kf3 56. Nh5 Ne5 57. Nf6 Kf4 58. Nh7 Kf5 59. Kg7 Nf3 60. Kxf7 Nxg5+ 1/2-1/2


[Site "https://www.chess.com"]